 Dungeon Crawl Stone Soup version 0.32-a0-834-geaf45d8e21 (webtiles) character file.

Game seed: 17375809957474002626

4787 morax the Basher (level 10, 0/66 HPs)
             Began as a Gargoyle Fighter on Mar 26, 2024.
             Was an Initiate of Gozag.
             Slain by Erica
             ... wielding a +2 scimitar of flaming
              (1 damage)
             ... on level 9 of the Dungeon.
             The game lasted 00:11:05 (9321 turns).

morax the Basher (Gargoyle Fighter)                 Turns: 9321, Time: 00:11:06

Health: 0/66       AC: 21    Str: 21    XL:     10   Next: 47%
Magic:  10/10      EV: -3    Int: 10    God:    Gozag
Gold:   316        SH:  4    Dex: 11    Spells: 9/9 levels left

rFire   + . .        a - +0 eveningstar
rCold   + . .        c - +0 buckler
rNeg    + . .        v - +0 chain mail
rPois   ∞            f - +0 helmet
rElec   +            r - +0 cloak
rCorr   +            d - +0 pair of gloves
SInv    .            z - +0 pair of boots
Will    .....        (no amulet) Stlth
                     (no ring)
HPRegen 0.31/turn    (no ring)
MPRegen 0.12/turn

%: no passive effects
@: mighty, resistant, constricted
A: sickness immunity, AC +7, negative energy resistance 1, electricity
resistance, torment resistance 1, petrification resistance
a: Renounce Religion, Potion Petition, Call Merchant, Bribe Branch


You were on level 9 of the Dungeon.
You worshipped Gozag.
Gozag was aware of your devotion.
You visited 1 branch of the dungeon, and saw 9 of its levels.

You collected 1295 gold pieces.
You spent 45 gold pieces at shops.
You paid 934 gold pieces to Gozag.

Inventory:

Hand Weapons
 a - a +0 eveningstar (weapon)
Missiles
 b - 2 curare-tipped darts
 j - 6 atropa-tipped darts
 t - 12 boomerangs
 y - 32 poisoned darts
 D - 3 javelins (quivered)
Armour
 c - a +0 buckler (worn)
 d - a +0 pair of gloves (worn)
 f - a +0 helmet (worn)
 r - a +0 cloak (worn)
 v - a +0 chain mail (worn)
 z - a +0 pair of boots (worn)
Jewellery
 i - a ring of flight
 n - an amulet of reflection
 o - an amulet of guardian spirit
 p - a ring of protection from cold
 B - a +5 ring of evasion
Wands
 m - a wand of paralysis (12)
 s - a wand of polymorph (18)
 w - a wand of roots (26)
 x - a wand of flame (15)
Scrolls
 e - a scroll of vulnerability
 g - a scroll of fear
 h - a scroll of amnesia
 k - a scroll of blinking
 u - 2 scrolls of poison
 A - a scroll of identify
Potions
 l - a potion of enlightenment
 q - a potion of lignification


   Skills:
 + Level 9.5 Fighting
 * Level 11.5 Maces & Flails
 - Level 5.0 Throwing
 - Level 3.4 Armour
 - Level 3.4 Shields


You had 9 spell levels left.
You didn't know any spells.
Your spell library contained the following spells:

 Spells                   Type           Power      Damage    Failure   Level
 Static Discharge         Conj/Air       0%         3-3/arc   99%         2
 Inner Flame              Hex/Fire       0%         N/A       100%        3
 Airstrike                Air            0%         2d(0-16)  100%        4
 Flame Wave               Conj/Fire      0%         2d4       100%        4
 Ignite Poison            Fire/Alch      0%         N/A       100%        4
 Sticky Flame             Fire/Alch      0%         2d4       100%        4
 Summon Blazeheart Golem  Fire/Summ      0%         N/A       100%        4
 Summon Lightning Spire   Summ/Air       0%         N/A       100%        4
 Alistair's Intoxication  Alch           0%         N/A       100%        5
 Borgnjor's Vile Clutch   Necr/Erth      0%         N/A       100%        5
 Eringya's Noxious Bog    Alch           0%         4d6       100%        6
 Ignition                 Fire           0%         3d3       100%        8


Dungeon Overview and Level Annotations

Branches:
Dungeon (9/15)             Temple (0/1) D:6
   Lair: D:8-11         Orc: D:9-12

Altars:
Dithmenos
Gozag
Makhleb
Ru
Trog
Uskayaw
Vehumet

Shops:
D:1 (   D:6 [

Annotations:
D:3 Sigmund
D:5 3 runed translucent doors, Konar's ghost, novice CoHu
D:9 Erica


Innate Abilities, Weirdness & Mutations

You are immune to sickness and miasma.
Your stone body is resilient. (AC +7)
You are immune to poison.
You resist negative energy. (rN+)
You are resistant to electric shocks. (rElec)
You are resistant to unholy torment.
You are immune to petrification.


Message History

Something burns you.
* * * LOW HITPOINT WARNING * * *
You are constricted.
You swing at nothing.
Something hits you but does no damage.
You are constricted.
Use which ability? (? or * to list) [a] - 406 gold - resistance and might [b] - 480 gold - heal wounds, curing and magic [c] - 390 gold - haste and heal wounds Purchase which effect?
You no longer have enough gold to petition Gozag for potion effects.
You feel much better.
You feel better. Magic courses through your body. Something hits you.
Something burns you.
You are constricted.
You hear some strange, mumbled words.
A bolt of poison appears from out of thin air!
The bolt of poison hits you but does no damage.
You resist.
You are constricted.
You closely miss something. Something hits you but does no damage.
You are constricted.
You sock something!
You feel yourself speed up.
You hear some strange, mumbled words.
A bolt of poison appears from out of thin air!
The bolt of poison hits you but does no damage.
You resist.
You are constricted.
You block something's attack.
You are constricted.
You miss something. Something hits you! Something burns you.
You are constricted.
You miss something. Something hits you but does no damage.
You are constricted.
You barely miss something. Something hits you!
* * * LOW HITPOINT WARNING * * *
Something burns you.
* * * LOW HITPOINT WARNING * * *
You are constricted.
* * * LOW HITPOINT WARNING * * *
You miss something. Something hits you!
* * * LOW HITPOINT WARNING * * *
Something burns you.
You die...
Your body crumbles into a pile of gold.

..... #...
#..#
#..####
#..#..#
#..#..#
#..#..#
#..$[.#
#...{@#
#######..#
#........#
#........#
#..#.....#
#..####..#
#..# ####
#..# ####


There were no monsters in sight!

Vanquished Creatures
  A wyvern (D:7)
  A wraith (D:8)
  7 yaks
  Menkaure (D:4)
  3 water moccasins
  An acid dragon (D:8)
  2 orc warriors
  An ice beast (D:8)
  3 sky beasts (D:7)
  2 black bears
  2 ogres
  2 centaurs (D:8)
  A phantom (D:5)
  Blork the orc (D:4)
  3 bullfrogs
  4 kobold brigands
  A scorpion (D:5)
  4 wights (D:8)
  3 hounds
  A quasit (D:6)
  3 orc priests
  3 bombardier beetles
  2 jellies
  A sleepcap (D:5)
  Jessica (D:2)
  2 iguanas
  6 orc wizards
  Ijyb (D:3)
  9 adders
  A shadow imp (D:6)
  6 white imps
  10 ufetubi
  2 dart slugs (D:1)
  3 ribbon worms
  28 orcs
  4 ball pythons
  5 bats
  12 endoplasms
  2 giant cockroaches
  4 hobgoblins
  6 quokkas
  4 frilled lizards
  5 goblins
  20 kobolds
  6 rats
190 creatures vanquished.

Vanquished Creatures (others)
  A sky beast (D:6)
1 creature vanquished.

Grand Total: 191 creatures vanquished

Notes
Turn   | Place    | Note
-------+----------+-------------------------------------------
     0 | D:1      | morax the Gargoyle Fighter began the quest for the Orb.
     0 | D:1      | Reached XP level 1. HP: 14/14 MP: 1/1
   107 | D:1      | Found Uqiaron's Weapon Shop.
   139 | D:1      | Reached XP level 2. HP: 19/19 MP: 2/2
   476 | D:1      | Reached XP level 3. HP: 24/24 MP: 3/3
   940 | D:2      | Found a burning altar of Makhleb.
   976 | D:2      | Noticed Jessica
   982 | D:2      | Killed Jessica
   983 | D:2      | Reached skill level 3 in Maces & Flails
   983 | D:2      | Reached XP level 4. HP: 23/29 MP: 4/4
  1549 | D:3      | Noticed Ijyb
  1560 | D:3      | Killed Ijyb
  1561 | D:3      | Reached skill level 1 in Throwing
  1674 | D:3      | Found a bloodstained altar of Trog.
  1723 | D:3      | Reached XP level 5. HP: 26/33 MP: 5/5
  1772 | D:3      | Noticed Sigmund
  2140 | D:4      | Noticed Blork the orc
  2144 | D:4      | Killed Blork the orc
  2145 | D:4      | Reached skill level 4 in Maces & Flails
  2337 | D:4      | Reached XP level 6. HP: 16/39 MP: 6/6
  2613 | D:4      | Paralysed by a goblin for 2 turns
  2661 | D:4      | Found a hide-covered altar of Uskayaw.
  2661 | D:4      | Noticed a +0 falchion
  2661 | D:4      | Noticed a +0 short sword
  2663 | D:4      | Noticed a +0 spear
  2663 | D:4      | Noticed a +0 short sword
  2676 | D:4      | Noticed a +0 spear
  2686 | D:4      | Noticed a +0 dagger
  2687 | D:4      | Noticed a +0 dagger
  2726 | D:4      | Noticed a +0 falchion
  3166 | D:5      | Entered Level 5 of the Dungeon
  3166 | D:5      | Noticed Menkaure
  3179 | D:4      | Killed Menkaure
  3180 | D:4      | Reached skill level 5 in Fighting
  3180 | D:4      | Reached skill level 5 in Maces & Flails
  3180 | D:4      | Reached XP level 7. HP: 24/44 MP: 7/7
  3864 | D:5      | Found an opulent altar of Gozag.
  4157 | D:5      | Became a worshipper of Gozag Ym Sagoz the Greedy
  4197 | D:5      | Reached skill level 6 in Maces & Flails
  4399 | D:5      | Identified the +7 rapier "Loploudd" {pain, rPois Will-
                  | Str+4 SInv}
  4449 | D:5      | Reached XP level 8. HP: 48/51 MP: 8/8
  4477 | D:5      | Found a runed translucent gate.
  4478 | D:5      | Found a runed translucent gate.
  4479 | D:5      | Found a runed translucent gate.
  4481 | D:5      | Noticed Konar's ghost (novice CoHu)
  4654 | D:6      | Found Zuxini Bula's Armour Emporium.
  4657 | D:6      | Bought a +0 cloak for 45 gold pieces
  4997 | D:6      | Reached skill level 7 in Maces & Flails
  5421 | D:6      | Found a sacrificial altar of Ru.
  5692 | D:6      | Found a staircase to the Ecumenical Temple.
  5703 | D:6      | Got the Lectures on the Arsonist
  6135 | D:7      | Reached skill level 8 in Maces & Flails
  6397 | D:7      | Reached XP level 9. HP: 40/56 MP: 9/9
  6756 | D:7      | Reached skill level 5 in Throwing
  6822 | D:7      | Reached skill level 9 in Maces & Flails
  7055 | D:7      | Identified the +0 leather armour of the Villain {Str+3
                  | Int+4}
  7273 | D:8      | Found a shadowy altar of Dithmenos.
  7910 | D:8      | Reached skill level 10 in Maces & Flails
  8044 | D:8      | Reached XP level 10. HP: 58/65 MP: 10/10
  8272 | D:8      | Found a radiant altar of Vehumet.
  8875 | D:8      | Reached skill level 11 in Maces & Flails
  9207 | D:9      | Noticed Erica
  9311 | D:9      | HP: 3/66 [something (1)]
  9321 | D:9      | HP: 1/66 [something (11)]
  9321 | D:9      | Slain by Erica

Illustrated notes

Levels and vault maps discovered:
D:1:      lightli_arrival_boilingwater, layout_basic, serial_shops, shop
D:2:      layout_loops_ring, basic_altar, uniq_jessica
D:3:      layout_basic, bloody_trog, jmf_multi_god_temple2,
          nicolae_concentric_dashed_squares_mild, grunt_ministairs_15,
          uniq_robin, uniq_ijyb, uniq_sigmund
D:4:      layout_loops_ring, nicolae_uskayaw_en_pointe,
          hangedman_abyss_or_decor_stagger, minmay_ruptured, uniq_blork_the_orc
D:5:      layout_cave_pools, mainiacjoe_overflow_surrounded_room,
          gammafunk_ghost_necromancy, nrook_mini_vaults, uniq_menkaure
D:6:      layout_loops_corners, nicolae_ru_path_of_blood,
          minmay_temple_entry_offerings, serial_shops, nicolae_stop_n_shop_1,
          serial_demonic, serial_demonic_a, serial_demonic_e, serial_demonic_c,
          serial_demonic_b, serial_demonic_e, serial_demonic_g
D:7:      layout_loops_cross
D:8:      minmay_the_grid_square_5x5_3x3
          [minmay_the_grid_square_5x5_tetrominoes, minmay_the_grid_square_5x5_n,
          minmay_the_grid_square_5x5_minivault,
          minmay_the_grid_square_5x5_hourglass,
          minmay_the_grid_square_5x5_megaprize_hollow,
          minmay_the_grid_square_5x5_fat_x,
          minmay_the_grid_square_5x5_checkered_sparse,
          minmay_the_grid_square_5x5_intrusive_squares,
          minmay_the_grid_square_5x5_hollow_slash], layout_gridville,
          nicolae_dithmenos_shadow_blocks, nicolae_vehumet_radiance,
          supply_closet_lemuel, hangedman_decor_riveting
D:9:      layout_grid_maze, lair_entry_dummy, orc_david_3, uniq_erica

Skill      XL: |  1  2  3  4  5  6  7  8  9 10 |
---------------+-------------------------------+-----
Maces & Flails | 3 4 5 6 8 10 11 | 11.5
Fighting       | 4 5 6 8 9 |  9.5
Throwing       | 1 2 3 4 5 |  5.0
Armour         | |  3.4
Shields        | |  3.4

Action                     |  1- 3 |  4- 6 |  7- 9 | 10-12 || total
---------------------------+-------+-------+-------+-------++-------
  Melee: Flail             |    86 |   181 |   105 |       ||   372
         Unarmed           |       |    15 |       |       ||    15
         Eveningstar       |       |       |   345 |   117 ||   462
  Throw: Javelin           |       |     5 |    22 |    10 ||    37
 Invoke: Potion Petition   |       |       |       |     2 ||     2
  Evoke: Wand              |       |       |     5 |     1 ||     6
    Use: Scroll            |       |     3 |    10 |     1 ||    14
         Potion            |       |     3 |     6 |     1 ||    10
   Stab: Confused          |       |     1 |       |       ||     1
         Distracted        |       |       |     1 |       ||     1
 Armour: Scale mail        |    67 |    71 |       |       ||   138
         Skin              |       |     3 |       |       ||     3
         Chain mail        |       |   109 |   516 |   164 ||   789
  Dodge: Dodged            |    36 |    80 |   165 |    25 ||   306
  Block: Buckler           |    16 |    36 |   113 |    27 ||   192

Table legend: (Time is in decaauts)
 A = Elapsed time spent in this place.
 B = Non-inter-level travel time spent in this place.
 C = Inter-level travel time spent in this place.
 D = Time resting spent in this place.
 E = Time spent auto-exploring this place.
 F = Levels seen in this place.
 G = Mean time per level.
                   A        B        C        D        E       F      G
               +--------+--------+--------+--------+--------+-----+--------+
         Total |   9504 |   9219 |    285 |   2574 |   4491 |   9 | 1056.0 |
       Dungeon |   9504 |   9219 |    285 |   2574 |   4491 |   9 | 1056.0 |
               +--------+--------+--------+--------+--------+-----+--------+

Top non-repeatable levels by time:
     D:8: 1945 daAuts
     D:6: 1498 daAuts
     D:5: 1410 daAuts
     D:7: 1157 daAuts
     D:4: 978 daAuts
     D:1: 876 daAuts
     D:2: 825 daAuts
     D:3: 661 daAuts
     D:9: 150 daAuts
